 Dungeon Crawl Stone Soup version 0.19.1 (webtiles) character file.

12 schauveau the Shield-Bearer (level 2, 0/19 HPs)
             Began as a Gargoyle Fighter on Dec 11, 2016.
             Slain by a hobgoblin
             ... wielding a +0 club
              (1 damage)
             ... on level 1 of the Dungeon.
             The game lasted 00:01:00 (334 turns).

schauveau the Shield-Bearer (Gargoyle Fighter)       Turns: 334, Time: 00:01:02

Health: 0/19       AC:  9    Str: 19    XL:     2   Next: 33%
Magic:  2/2        EV:  7    Int:  8    God:
Gold:   16         SH:  9    Dex:  9    Spells: 0 memorised, 1 level left

rFire  . . .     SeeInvis .     a - +0 flail
rCold  . . .     Gourm    .     b - +0 scale mail
rNeg   + . .     Faith    .     c - +0 shield
rPois  ∞         Spirit   .     (no helmet)
rElec  +         Reflect  .     (no cloak)
rCorr  .         Harm     .     (no gloves)
MR     .....                    (no boots)
Stlth  ..........               (no amulet)
                                (no ring)
                                (no ring)

@: no status effects
A: negative energy resistance 1, electricity resistance, unbreathing,
petrification resistance, rot immunity, AC +2
a: no special abilities


You were on level 1 of the Dungeon.
You were not hungry.

You visited 1 branch of the dungeon, and saw 2 of its levels.

You collected 16 gold pieces.

Inventory:

Hand Weapons
 a - a +0 flail (weapon)
Missiles
 m - 14 arrows
Armour
 b - a +0 scale mail (worn)
 c - a +0 shield (worn)
Scrolls
 i - a scroll of recharging {unknown}
 k - a scroll of enchant weapon {unknown}
Potions
 d - a potion of might
 e - a potion of curing {unknown}
 g - a potion of brilliance {unknown}
 j - a potion of degeneration {unknown}
Comestibles
 f - a bread ration
 h - 4 fruits
 l - 3 chunks of flesh


   Skills:
 - Level 3.2 Fighting
 * Level 2.4 Maces & Flails
 + Level 3.4 Armour
 + Level 3.5 Shields


You had one spell level left.
You didn't know any spells.

Dungeon Overview and Level Annotations

Branches:
Dungeon (2/15)

Altars:


Innate Abilities, Weirdness & Mutations

You are resistant to torment.
Your stone body is resilient. (AC +2)
You are immune to poison.
You resist negative energy. (rN+)
You are resistant to electric shocks. (rElec)
You can survive without breathing.
You are immune to petrification.
You are immune to rotting.


Message History

The goblin hits you but does no damage.
You closely miss the quokka. The adder bites you but does no damage.
You block the quokka's attack. You block the goblin's attack.
The adder bites you but does no damage. You block the quokka's attack.
You closely miss the quokka. You block the adder's attack.
The quokka bites you but does no damage.
You block the goblin's attack. The quokka bites you.
* * * LOW HITPOINT WARNING * * *
The adder closely misses you. You block the quokka's attack.
The adder bites you but does no damage. You block the quokka's attack.
There is a stone staircase leading up here.
The adder bites you.
* * * LOW HITPOINT WARNING * * *
You block the goblin's attack. The quokka barely misses you.
You climb upwards.
The hobgoblin shouts!
The hobgoblin hits you with a club.
You die...

............
#........... .
#...........
..##.......%...
...............
#............ #
###............
.
......g@r......
#
###[...Sg......
# #............
# #............
#
#....#########
# ### ...... #
.. .......
#####.##.......
#..........


You could see an adder, a quokka, a hobgoblin and a goblin.

Vanquished Creatures
  2 bats (D:1)
  3 goblins (D:1)
  2 frilled lizards (D:1)
  4 kobolds (D:1)
  2 rats (D:1)
13 creatures vanquished.

Notes
Turn   | Place    | Note
-------+----------+-------------------------------------------
     0 | D:1      | schauveau the Gargoyle Fighter began the quest for the Orb.
     0 | D:1      | Reached XP level 1. HP: 14/14 MP: 1/1
     2 | D:1      | Noticed a merfolk
     2 | D:1      | Noticed a naga
     4 | D:1      | Noticed a halfling
     6 | D:1      | Noticed a centaur
     8 | D:1      | Noticed a gargoyle
     8 | D:1      | Noticed a ghoul
    10 | D:1      | Noticed a demigod
    10 | D:1      | Noticed an octopode
    12 | D:1      | Noticed a dwarf
    14 | D:1      | Noticed a spriggan
    14 | D:1      | Noticed a vine stalker
    16 | D:1      | Noticed a formicid
    16 | D:1      | Noticed a tengu
    18 | D:1      | Noticed an elf
    18 | D:1      | Noticed a troll
    20 | D:1      | Noticed a vampire
    20 | D:1      | Noticed a demonspawn
    22 | D:1      | Noticed a draconian
    22 | D:1      | Noticed a human
    24 | D:1      | Noticed an ogre
    24 | D:1      | Noticed a minotaur
    26 | D:1      | Noticed a felid
   217 | D:1      | Reached XP level 2. HP: 19/19 MP: 2/2
   334 | D:1      | Slain by a hobgoblin

Action                   || total
-------------------------++-------
Melee: Flail             ||    64
Armor: Scale mail        ||    49
Dodge: Dodged            ||    28
Block: Shield            ||    44
